 Dungeon Crawl Stone Soup version 0.28-a0-317-g21599a725c (webtiles) character file.

Game seed: 13622256752460298880

5476 McIrco the Covert (level 11, -5/68 HPs)
             Began as a Kobold Berserker on Sept 1, 2021.
             Was a Priest of Trog.
             Shot with a bolt by an orc warrior (18 damage)
             ... in a bailey.
             The game lasted 00:11:01 (8869 turns).

McIrco the Covert (Kobold Berserker)                Turns: 8869, Time: 00:11:01

Health: -5/68      AC:  6    Str: 19    XL:     11   Next: 0%
Magic:  11/11      EV: 19    Int:  8    God:    Trog [***...]
Gold:   1013       SH:  0    Dex: 14    Spells: 10/10 levels left

rFire   . . .      SeeInvis .   m - +2 dagger (venom)
rCold   + . .      Faith    .   (shield restricted)
rNeg    . . .      Spirit   .   y - +1 robe {rC+}
rPois   .          Reflect  .   (no helmet)
rElec   .          Harm     .   (no cloak)
rCorr   .          Rampage  .   (no gloves)
Will    +....                   c - +2 pair of boots
Stlth   ++++++....              (no amulet)
HPRegen 0.21/turn               l - ring of willpower
MPRegen 0.12/turn               (no ring)

@: on berserk cooldown, slowed, very slow
A: small, no large weapons, nightstalker 3
a: Renounce Religion, Berserk, Trog's Hand


You were in a bailey.
You worshipped Trog.
Trog was most pleased with you.
You visited 1 branch of the dungeon, and saw 8 of its levels.
You also visited: Bailey.

You collected 1013 gold pieces.

Inventory:

Hand Weapons
 a - a +0 vampiric short sword
 m - a +2 dagger of venom (weapon)
Missiles
 o - 13 boomerangs (quivered)
 A - 3 atropa-tipped darts
Armour
 b - a +0 animal skin
 c - a +2 pair of boots (worn)
 j - the +3 hat of Pondering {ponderous, Will+ MP+10 Int+5}
   (You took it off Gastronok on level 8 of the Dungeon)

   Int:       It affects your intelligence (+5).
   MP:        It affects your magic capacity (+10).
   Will:      It increases your willpower.
 w - a +0 buckler
 y - a +1 robe of cold resistance (worn)
Jewellery
 g - an amulet of magic regeneration
 l - a ring of willpower (left hand)
 q - an amulet of reflection
 s - a +6 ring of strength
 t - a ring of positive energy
Wands
 p - a wand of paralysis (20)
Scrolls
 d - 2 scrolls of fog
 e - a scroll of amnesia
 k - 4 scrolls of enchant weapon
Potions
 f - 3 potions of curing
 h - 4 potions of degeneration
 i - 2 potions of mutation
 n - a potion of berserk rage
 r - a potion of cancellation
 x - a potion of resistance
 z - a potion of ambrosia {unknown}


   Skills:
 + Level 7.7 Fighting
 + Level 11.1 Short Blades
 + Level 1.7 Armour
 + Level 9.9 Dodging
 + Level 11.9 Stealth


You had 10 spell levels left.
You didn't know any spells.
Your spell library was empty.

Dungeon Overview and Level Annotations

Branches:
Dungeon (8/15)             Temple (0/1) D:7          Bailey (1/1)
   Lair: D:8-11

Altars:
Nemelex Xobeh
Qazlal
Sif Muna
Vehumet
Wu Jian

Shops:
D:7 (


Innate Abilities, Weirdness & Mutations

You are small and have problems with some larger weapons.
You are completely attuned to the shadows.


Message History

The orc warrior is lightly wounded.
The orc warrior barely misses you.
You hit the orc warrior but do no damage.
The orc warrior is lightly wounded.
The orc warrior hits you.
You closely miss the orc warrior.
The orc warrior is lightly wounded.
You closely miss the orc warrior.
The orc warrior is lightly wounded.
The orc warrior closely misses you.
You hit the orc warrior but do no damage.
The orc warrior looks as sick as possible!
The orc warrior is moderately wounded.
The orc warrior hits you!
You hit the orc warrior.
The orc warrior is moderately wounded.
The orc warrior misses you.
You closely miss the orc warrior.
The orc warrior is moderately wounded.
You hit the orc warrior but do no damage.
The orc warrior looks as sick as possible!
The orc warrior is moderately wounded.
The orc warrior barely misses you.
You closely miss the orc warrior.
The orc warrior is moderately wounded.
The orc warrior misses you.
You hit the orc warrior but do no damage.
The orc warrior is heavily wounded.
The orc warrior misses you.
You hit the orc warrior.
The orc warrior looks as sick as possible!
The orc warrior is severely wounded.
The orc warrior hits you!
You are too injured to fight recklessly!
The orc warrior wields a +0 arbalest.
The orc warrior shoots a bolt.
The bolt hits you!
* * * LOW HITPOINT WARNING * * *
You hear a shout!
The orc warrior shoots a bolt.
The bolt hits you!!
You die...

### ### ##∩##
##
.o.##.∩.##...
≈≈..#...#..≈≈
o≈≈.))....≈≈o
oo≈....).o≈oo
o≈≈...).).≈≈o
≈≈..#...#..≈≈
...##..@##...
## ##∩## ###
##


You could see an orc warrior (strong, extremely poisoned).

Vanquished Creatures
  Gastronok (D:8)
  Pikel (D:7)
  A water moccasin (D:7)
  7 orc warriors
  2 sky beasts
  A black bear (D:4)
  An ogre (D:5)
  2 centaurs
  A necrophage (D:4)
  2 phantoms (D:5)
  A lemure (D:7)
  A bullfrog (D:7)
  A gnoll sergeant (D:7)
  11 wights
  6 howler monkeys
  2 hounds
  A jelly (D:7)
  4 orc priests
  A centaur skeleton (D:4)
  3 iguanas
  3 orc wizards (D:7)
  6 gnolls
  3 adders
  A shadow imp (D:7)
  An adder zombie (D:5)
  2 adder skeletons
  3 dart slugs
  4 orcs
  6 ball pythons
  6 endoplasms
  3 giant cockroaches
  6 hobgoblins
  14 jackals
  5 quokkas
  7 bats
  4 frilled lizards
  10 goblins
  8 kobolds
  4 rats
146 creatures vanquished.

Vanquished Creatures (collateral kills)
  An orc warrior (D:8)
  An ice beast (D:8)
  A kobold brigand (D:8)
  A bullfrog (D:8)
  A wyvern zombie (D:8)
  A wight (D:8)
  An orc priest (D:8)
  A killer bee zombie (D:8)
  2 gnolls (D:8)
  3 goblins (D:8)
  3 kobolds (D:8)
16 creatures vanquished.

Grand Total: 162 creatures vanquished

Notes
Turn   | Place    | Note
-------+----------+-------------------------------------------
     0 | D:1      | McIrco the Kobold Berserker began the quest for the Orb.
     0 | D:1      | Reached XP level 1. HP: 14/14 MP: 1/1
   386 | D:1      | Reached XP level 2. HP: 19/19 MP: 2/2
   514 | D:1      | Reached XP level 3. HP: 23/23 MP: 3/3
   807 | D:1      | Reached skill level 1 in Stealth
   937 | D:1      | Reached ** piety under Trog
  1349 | D:2      | Reached skill level 5 in Short Blades
  1349 | D:2      | Reached XP level 4. HP: 28/28 MP: 4/4
  2137 | D:2      | Found a faded altar of an unknown god.
  2236 | D:2      | Found a faded altar of an unknown god.
  2712 | D:3      | Reached XP level 5. HP: 33/33 MP: 5/5
  2755 | D:3      | Found a stormy altar of Qazlal.
  3307 | D:4      | Noticed a necrophage
  3328 | D:4      | Killed a necrophage
  3328 | D:4      | Reached *** piety under Trog
  3329 | D:4      | Reached XP level 6. HP: 38/38 MP: 6/6
  3821 | D:4      | Noticed a black bear
  3822 | D:4      | Killed a black bear
  4254 | D:5      | Entered Level 5 of the Dungeon
  4284 | D:5      | Reached skill level 5 in Stealth
  4284 | D:5      | Reached XP level 7. HP: 39/43 MP: 7/7
  5025 | D:5      | Reached XP level 8. HP: 36/48 MP: 8/8
  5345 | D:6      | Reached skill level 5 in Dodging
  5900 | D:6      | Found a shimmering blue altar of Sif Muna.
  6638 | D:7      | Reached skill level 5 in Fighting
  6702 | D:7      | Found a staircase to the Ecumenical Temple.
  6802 | D:7      | Reached XP level 9. HP: 54/54 MP: 9/9
  7337 | D:7      | Noticed Pikel
  7342 | D:7      | Killed Pikel
  7528 | D:7      | Found a sparkling altar of Nemelex Xobeh.
  7556 | D:7      | Found a radiant altar of Vehumet.
  7578 | D:7      | Found Noashru's Weapon Shop.
  7838 | D:7      | Reached skill level 10 in Stealth
  7900 | D:7      | Reached **** piety under Trog
  8344 | D:8      | Identified a scroll of acquirement
  8381 | D:8      | Acquired 717 gold pieces
  8406 | D:8      | Reached XP level 10. HP: 56/61 MP: 10/10
  8419 | D:8      | Reached skill level 10 in Short Blades
  8440 | D:8      | Noticed Gastronok
  8453 | D:8      | Killed Gastronok
  8520 | D:8      | Found an ornate altar of the Wu Jian Council.
  8695 | D:8      | Found a flagged portal.
  8704 | Bailey   | Entered a bailey
  8737 | Bailey   | Noticed an orc knight
  8839 | Bailey   | Reached XP level 11. HP: 68/68 MP: 11/11
  8869 | Bailey   | Shot with a bolt by an orc warrior

Illustrated notes

Levels and vault maps discovered:
D:1:      roderic_crop_circles_arrival_small, layout_basic
D:2:      layout_basic, hellmonk_ecumenical_altar_the_god_not_taken,
          minmay_cupped
D:3:      layout_loops_cross, marbit_many_paths, minmay_misc_feat_rows
D:4:      layout_loops_ring
D:5:      layout_basic, serial_glass, glass_columns_a, glass_columns_b
D:6:      layout_basic, led_sif_pool
D:7:      layout_loops_cross, mainiacjoe_overflow_alcove_1,
          mainiacjoe_overflow_alcove_4, minmay_temple_entry_statues_pillars,
          serial_shops, nicolae_shop_waterfront, uniq_pikel
D:8:      layout_cave_pools, pdpol_wu_jian_five_deadly_venoms, enter_bailey_5,
          uniq_gastronok
Bailey:   bailey_polearm_4, bailey

Skill      XL: |  1  2  3  4  5  6  7  8  9 10 |
---------------+-------------------------------+-----
Stealth        | 1 2 4 5 6 8 10 11 | 11.9
Dodging        | 3 4 6 7 9 |  9.9
Short Blades   | 5 6 7 8 9 11 | 11.1
Fighting       | 4 5 6 7 |  7.7
Armour         | |  1.7

Action                   |  1- 3 |  4- 6 |  7- 9 | 10-12 || total
-------------------------+-------+-------+-------+-------++-------
Melee: Short sword       |   100 |    31 |       |       ||   131
       Dagger            |       |   112 |   273 |    84 ||   469
Invok: Berserk           |     2 |     3 |    10 |     2 ||    17
       Trog's Hand       |       |       |     2 |     1 ||     3
       Brothers in Arms  |       |       |     1 |     1 ||     2
  Use: Scroll            |       |       |    15 |       ||    15
       Potion            |       |       |       |     3 ||     3
 Stab: Sleeping          |     9 |    11 |     9 |       ||    29
       Distracted        |       |       |     1 |     3 ||     4
Armor: Animal skin       |    29 |    24 |    27 |       ||    80
       Robe              |       |       |     4 |    16 ||    20
Dodge: Dodged            |    77 |    86 |   144 |    72 ||   379

Table legend: (Time is in decaauts)
 A = Elapsed time spent in this place.
 B = Non-inter-level travel time spent in this place.
 C = Inter-level travel time spent in this place.
 D = Time resting spent in this place.
 E = Time spent auto-exploring this place.
 F = Levels seen in this place.
 G = Mean time per level.
                   A        B        C        D        E       F      G
               +--------+--------+--------+--------+--------+-----+--------+
         Total |   8803 |   8423 |    380 |   1471 |   5739 |   9 |  978.1 |
       Dungeon |   8644 |   8264 |    380 |   1365 |   5739 |   8 | 1080.5 |
        Bailey |    159 |    159 |      0 |    105 |      0 |   1 |  159.0 |
               +--------+--------+--------+--------+--------+-----+--------+

Top non-repeatable levels by time:
     D:7: 1712 daAuts
     D:5: 1538 daAuts
     D:2: 1299 daAuts
     D:1: 1243 daAuts
     D:4: 967 daAuts
     D:6: 802 daAuts
     D:3: 731 daAuts
     D:8: 350 daAuts
  Bailey: 159 daAuts
